Map: Artillería pesada EE

Players

BinaryClock

  • Race: Protoss Protoss
  • Spawn Location: 7:00

Kapt

  • Race: Terran Terran
  • Spawn Location: 7:00

TATORREA - Winner!

  • Race: Protoss Protoss
  • League: Gold
  • Spawn Location: 3:00

MrFercho - Winner!

  • Race: Zerg Zerg
  • League: Gold
  • Spawn Location: 1:00

VOD

Have the link to the VOD?

Description

Time

  • Played on: July 26, 2020, 10:04 p.m.
  • Length: 15:30
Show
View Real Time Build Order
Export as new Build Order

BinaryClock Protoss 

Build Orders:  

Get SALT Encoding   

  12  0:01  Probe  
  13  0:15  Pylon  
  13  0:18  Probe  
  14  0:30  Probe  
  15  0:38  Gateway  
  15  0:42  Probe  
  16  0:51  Assimilator  
  16  1:00  Gateway  
  16  1:02  Probe  
  17  1:14  Probe  
  18  1:20  Pylon  
  18  1:26  Probe  
  19  1:40  Cybernetics Core  
  19  1:54  Warp Gate  
  19  2:08  Probe  
  19  2:13  Nexus  
  20  2:16  Adept x2  
  24  2:29  Probe  
  25  2:30  Assimilator  
  25  2:42  Probe  
  26  2:46  Adept x2  
  26  2:51  Pylon  
  30  3:11  Probe  
  31  3:15  Robotics Facility  
  31  3:21  Adept x2  
  31  3:23  Probe  
  31  3:26  Probe  
  37  3:35  Probe  
  37  3:38  Probe  
  37  4:27  Immortal  
  37  4:31  Probe x2  
  43  4:33  Robotics Bay  
  43  4:34  Assimilator  
  43  4:37  Assimilator  
  43  4:42  Pylon  
  43  4:43  Probe x2  
  43  4:45  Twilight Council, Pylon  
  45  4:55  Stalker, Probe x2  
  45  4:56  Stalker  
  51  5:03  Immortal  
  51  5:05  Pylon  
  51  5:07  Probe  
  51  5:08  Shield Battery  
  56  5:27  Probe  
  56  5:28  Probe  
  58  5:34  Charge  
  58  5:39  Probe  
  58  5:40  Probe, Disruptor  
  58  5:42  Zealot x2  
  67  5:52  Probe x2  
  69  6:02  Nexus  
  69  6:09  Pylon  
  69  6:14  Probe x2  
  71  6:22  Extended Thermal Lance  
  71  6:25  Observer  
  72  6:26  Probe x2  
  74  6:40  Colossus  
  74  6:44  Probe x2  
  76  6:48  Adept x2  
  86  7:03  Pylon  
  86  7:04  Pylon  
  86  7:05  Pylon  
  86  7:13  Probe x2  
  56  7:43  Zealot x2  
  60  8:05  Colossus  
  60  8:12  Zealot x2  
  64  8:14  Probe x3  
  73  8:26  Probe  
  74  8:34  Templar Archives  
  74  8:37  Probe x2  
  74  8:38  Probe  
  74  8:39  Assimilator  
  77  8:42  Assimilator  
  77  8:43  Zealot x2  
  81  8:49  Probe x2  
  81  8:50  Probe  
  81  8:54  Gateway  
  84  8:55  Gateway  
  83  9:15  Psionic Storm  
  83  9:21  Disruptor  
  83  9:25  Probe  
  83  9:26  Probe x2  
  83  9:28  High Templar x2  
  93  9:34  Gravitic Boosters  
  93  9:37  Probe  
  94  9:38  Probe x2  
  96  10:01  Colossus  
  96  10:08  Pylon, High Templar x4  
  96  10:12  Pylon  
  110  10:15  Pylon  
  110  10:35  Forge  
  110  10:37  Forge  
  110  10:39  Archon  
  110  10:49  Immortal  
  110  10:51  High Templar x4  
  110  10:55  Archon x2  
  118  11:28  Immortal  
  112  11:46  Archon  
  83  11:54  Protoss Ground Armor Level 1  
  83  12:00  Zealot  
  83  12:01  Zealot x3  
  81  12:15  Stargate  
  81  12:17  Stargate x2  
  81  12:19  Stargate  
  81  12:31  Stalker x2  
  81  12:32  Stalker x2  
  89  12:40  Protoss Shields Level 1, Nexus  
  89  12:43  Protoss Air Weapons Level 1  
  89  12:44  Assimilator  
  89  12:48  Assimilator  
  89  12:52  Pylon  
  89  12:54  Pylon  
  89  12:57  Pylon, Cybernetics Core  
  89  12:59  Void Ray x2  
  89  13:00  Void Ray x2  
  89  13:02  Fleet Beacon  
  105  13:15  Probe  
  105  13:16  Probe x2  
  108  13:30  Void Ray  
  108  13:31  Void Ray  
  108  13:40  Void Ray x2  
  99  14:03  Zealot x3  
  99  14:04  Zealot  
  107  14:13  Carrier  
  88  14:41  Zealot x4  
Show
View Real Time Build Order
Export as new Build Order

Kapt Terran 

Build Orders:  

Get SALT Encoding   

  12  0:01  SCV  
  13  0:14  Supply Depot  
  13  0:19  SCV  
  14  0:33  SCV  
  15  0:39  Barracks  
  15  0:45  SCV  
  15  0:48  Supply Depot  
  16  0:55  Refinery  
  16  1:00  SCV  
  17  1:16  SCV  
  18  1:31  Orbital Command  
  18  1:33  Marine  
  19  1:50  Marine  
  20  2:06  Refinery, SCV  
  21  2:14  Barracks Reactor  
  21  2:19  Barracks  
  21  2:32  Command Center  
  21  2:42  SCV  
  22  2:52  Marine x2  
  24  3:07  SCV  
  24  3:09  Marine  
  24  3:10  Marine  
  24  3:11  Barracks Tech Lab  
  27  3:19  SCV  
  28  3:21  Factory  
  28  3:27  Marine x2  
  30  3:45  Marine x2  
  30  4:22  Orbital Command  
  26  4:26  Factory Tech Lab  
  26  4:35  Factory  
  24  4:46  Siege Tank  
  24  4:48  Orbital Command  
  27  4:58  SCV  
  28  5:03  Marine x2  
  28  5:04  Marine  
  31  5:11  SCV  
  32  5:15  SCV  
  32  5:18  Siege Tank  
  36  5:21  Marine x2  
  36  5:23  SCV  
  36  5:28  Factory Reactor, SCV  
  40  5:35  SCV  
  41  5:40  SCV  
  42  5:45  Armory  
  42  5:46  Armory, Engineering Bay  
  42  5:47  SCV  
  42  5:49  Refinery  
  43  5:51  Refinery  
  43  5:52  SCV  
  44  5:58  Supply Depot  
  44  5:59  SCV  
  44  6:01  Supply Depot  
  45  6:20  Hellion x2  
  49  6:42  Hellion x2  
  49  6:45  Terran Vehicle Weapons Level 1  
  49  6:46  Terran Vehicle And Ship Armor Level 1  
  53  6:47  SCV x2  
  55  6:59  SCV x2  
  57  7:13  Sensor Tower  
  52  7:23  Sensor Tower  
  52  7:26  Sensor Tower  
  46  7:43  Hellion x3  
  52  8:04  Hellion x3  
  57  8:28  Hellion x2  
  61  8:36  Hellion  
  61  8:39  Supply Depot  
  63  8:41  Supply Depot  
  63  8:42  Supply Depot  
  63  8:46  Command Center  
  63  8:48  Terran Vehicle And Ship Armor Level 2, Terran Vehicle Weapons Level 2  
  63  8:49  Hellion  
  65  8:59  Hellion x2  
  65  9:03  Supply Depot  
  65  9:06  Supply Depot  
  65  9:11  Smart Servos  
  65  9:12  Supply Depot  
  65  9:27  Supply Depot  
  65  9:49  Factory  
  65  9:55  Factory  
  65  10:04  Orbital Command, SCV x2  
  67  10:29  Infernal Pre-Igniter  
  67  10:30  Thor  
  67  10:34  Factory Tech Lab  
  73  10:38  Factory Tech Lab  
  73  10:53  Thor  
  79  10:57  Thor  
  85  11:05  Terran Vehicle And Ship Armor Level 3, Terran Vehicle Weapons Level 3  
  85  11:13  Thor  
  67  12:01  Thor x2  
  67  12:03  Thor  
  85  12:13  Hellbat x2  
  89  12:20  Orbital Command  
  89  12:34  Hellbat  
  89  12:35  Hellbat  
  93  12:44  Thor x2  
  93  12:46  Thor, SCV  
  112  12:55  Hellbat  
  112  12:56  Hellbat  
  112  12:58  SCV  
  117  13:10  SCV  
  117  13:11  Refinery  
  118  13:14  Hellion x6  
  118  13:17  Hellbat x2, Refinery  
  122  13:22  SCV  
  123  13:34  SCV  
  110  14:24  Hellbat x2  
  90  14:45  Hellbat  
  90  14:46  Hellbat  
Show
View Real Time Build Order
Export as new Build Order

TATORREA Protoss - Winner!

Build Orders:  

Get SALT Encoding   

  12  0:02  Probe  
  13  0:14  Probe  
  14  0:25  Pylon  
  14  0:27  Probe  
  15  0:43  Probe  
  16  0:50  Gateway  
  16  0:58  Probe  
  17  1:05  Assimilator  
  17  1:06  Probe  
  17  1:08  Pylon  
  18  1:14  Probe  
  19  1:22  Pylon  
  19  1:25  Probe  
  19  1:27  Assimilator  
  20  1:37  Probe  
  21  1:49  Cybernetics Core  
  21  1:50  Probe  
  22  2:02  Gateway, Probe  
  22  2:05  Gateway  
  23  2:33  Nexus  
  23  2:35  Pylon  
  23  2:40  Probe  
  24  2:45  Warp Gate  
  24  2:54  Twilight Council, Probe  
  25  2:58  Zealot  
  27  3:06  Probe  
  27  3:09  Stalker  
  27  3:10  Stalker  
  32  3:23  Probe  
  33  3:31  Probe  
  33  3:37  Stalker  
  33  3:39  Probe  
  36  3:44  Stalker  
  35  4:19  Probe x2  
  35  4:21  Charge  
  37  4:31  Probe x2  
  37  4:38  Zealot x3  
  41  4:43  Probe x2  
  47  4:51  Robotics Facility  
  47  4:52  Probe x2  
  47  4:55  Pylon  
  49  5:00  Pylon, Probe  
  49  5:01  Probe  
  49  5:04  Pylon  
  49  5:07  Zealot  
  53  5:08  Zealot  
  53  5:10  Sentry, Probe x2  
  59  5:17  Assimilator  
  59  5:19  Assimilator  
  59  5:22  Probe x2  
  61  5:29  Stargate  
  61  5:34  Probe x2  
  63  5:38  Immortal  
  63  5:45  Zealot x3  
  63  5:46  Probe  
  74  6:18  Observer  
  75  6:20  Nexus  
  75  6:21  Pylon  
  75  6:23  Pylon  
  75  6:24  Zealot x3  
  81  6:32  Phoenix  
  83  6:52  Phoenix  
  83  6:56  Probe x2  
  83  6:59  Stalker  
  83  7:00  Stalker x2  
  93  7:05  Fleet Beacon  
  93  7:08  Probe x2  
  77  7:29  Zealot x3  
  77  7:43  Nexus  
  77  7:48  Gateway  
  77  7:50  Gateway  
  77  7:52  Probe x2  
  79  7:59  Pylon  
  79  8:00  Gateway  
  79  8:02  Immortal  
  79  8:04  Blink, Probe x2  
  85  8:07  Gateway, Unknown  
  85  8:11  Gateway, Void Ray  
  89  8:16  Probe  
  89  8:17  Probe  
  91  8:27  Forge  
  91  8:29  Forge  
  91  8:31  Forge  
  91  8:39  Probe x2  
  93  8:50  Protoss Ground Weapons Level 1  
  93  8:51  Immortal, Probe x2, Protoss Shields Level 1  
  93  8:55  Assimilator, Zealot  
  99  8:57  Zealot  
  99  9:00  Assimilator  
  103  9:07  Phoenix  
  103  9:09  Anion Pulse-Crystals  
  105  9:24  Protoss Ground Armor Level 1  
  105  9:28  Probe  
  105  9:29  Probe  
  105  9:30  Probe  
  108  9:33  Stalker  
  108  9:34  Stalker x3  
  116  9:40  Probe  
  117  9:47  Pylon  
  117  9:49  Pylon  
  117  9:53  Pylon  
  117  9:56  Pylon  
  117  10:04  Tempest  
  122  10:18  Zealot x2  
  126  10:31  Nexus  
  126  10:33  Pylon  
  126  10:35  Photon Cannon  
  126  10:37  Photon Cannon  
  126  10:39  Pylon  
  126  10:41  Photon Cannon  
  126  10:43  Photon Cannon, Protoss Ground Weapons Level 2  
  126  10:45  Protoss Shields Level 2  
  126  10:47  Tempest  
  131  11:14  Probe x2  
  131  11:15  Probe  
  132  11:26  Probe x2  
  132  11:27  Probe  
  132  11:30  Carrier  
  113  11:43  Zealot x2  
  113  11:44  Zealot x2  
  113  11:45  Zealot x4  
  111  11:55  Protoss Ground Armor Level 2  
  111  12:02  Probe x2  
  111  12:03  Probe x2  
  111  12:08  Assimilator  
  115  12:10  Assimilator, Zealot  
  115  12:11  Zealot x4  
  115  12:12  Zealot x3  
  115  12:14  Protoss Air Weapons Level 1, Probe x2  
  133  12:27  Immortal  
  137  12:34  Templar Archives  
  137  12:35  Carrier  
  143  12:38  Probe x3  
  143  12:40  Probe  
  147  12:45  Zealot x3  
  147  12:46  Zealot x3  
  147  12:47  Zealot x2  
  147  12:50  Probe  
  164  13:14  Nexus  
  164  13:17  Pylon x2  
  164  13:19  Pylon  
  164  13:21  Psionic Storm  
  164  13:23  Pylon  
  164  13:24  Gateway  
  164  13:26  Gateway  
  164  13:28  Gateway  
  164  13:35  Zealot x3  
  164  13:36  Zealot  
  164  13:39  Carrier  
  178  13:47  Immortal  
  182  13:53  High Templar x4  
  190  13:55  High Templar  
  190  13:56  High Templar  
  190  13:57  High Templar x2  
  198  14:05  Archon x3  
  198  14:08  Archon  
  198  14:22  High Templar  
  200  14:32  Assimilator  
  200  14:38  Assimilator  
  182  14:46  Zealot  
  182  14:47  Zealot x5  
  182  14:48  Zealot  
  182  14:49  Zealot x3  
  194  15:11  Zealot  
  194  15:12  Zealot x2  
Show
View Real Time Build Order
Export as new Build Order

MrFercho Zerg - Winner!

Build Orders: Hatch First 

Get SALT Encoding   

  12  0:01  Drone  
  13  0:14  Overlord  
  13  0:19  Drone  
  14  0:34  Drone x2  
  16  0:52  Hatchery  
  16  0:54  Drone  
  16  0:57  Drone  
  16  1:01  Drone  
  18  1:12  Extractor  
  18  1:17  Spawning Pool  
  16  1:19  Drone  
  16  1:23  Drone  
  18  1:30  Drone  
  19  1:40  Drone  
  20  1:53  Overlord  
  20  2:05  Queen x2  
  25  2:08  Zergling x4  
  25  2:12  Drone  
  27  2:16  Metabolic Boost, Drone  
  28  2:23  Drone  
  28  2:25  Drone  
  30  2:33  Drone  
  30  2:36  Drone  
  32  2:46  Overlord  
  32  2:47  Overlord  
  32  2:53  Lair  
  32  2:54  Queen  
  32  2:56  Drone  
  35  3:03  Drone  
  36  3:10  Zergling x4  
  38  3:14  Zergling x2  
  38  3:15  Zergling x4  
  38  3:17  Drone x3  
  44  3:30  Drone x3  
  45  3:49  Zergling x4  
  45  3:50  Zergling x2  
  45  3:57  Zergling x6  
  45  3:58  Zergling x8  
  49  4:31  Drone x3  
  52  4:48  Nydus Network  
  52  4:49  Overlord x3  
  52  4:50  Overlord  
  52  4:51  Hatchery  
  50  4:59  Extractor, Drone x2  
  51  5:00  Drone  
  52  5:10  Drone  
  53  5:15  Drone x4  
  53  5:19  Drone x3  
  60  5:35  Hatchery, Drone x2  
  61  5:36  Hatchery  
  61  5:39  Zergling x4  
  61  5:40  Zergling x2  
  63  5:54  Zergling x10  
  68  6:02  Baneling Nest  
  67  6:04  Drone x2, Evolution Chamber  
  67  6:11  Zergling x10  
  73  6:24  Zergling x12  
  73  6:25  Zergling x4  
  81  6:42  Zergling x6  
  81  6:43  Zergling x2  
  85  6:48  Queen  
  85  6:49  Pneumatized Carapace  
  85  6:52  Zergling x10  
  85  6:53  Zergling x12  
  98  7:05  Zergling x8  
  98  7:07  Overlord  
  102  7:28  Zergling x16  
  110  7:30  Overlord x2  
  110  7:31  Overlord x2  
  109  7:40  Nydus Canal  
  109  7:50  Zergling x2  
  109  7:51  Zergling x34  
  121  8:09  Zergling x2  
  121  8:10  Zergling x12  
  121  8:16  Zergling x10  
  127  8:27  Zergling x14  
  127  8:33  Nydus Canal  
  133  8:39  Zergling x2  
  133  8:40  Zergling x8  
  122  9:11  Drone x12  
  122  9:12  Drone x3  
  131  9:19  Extractor  
  131  9:20  Extractor  
  129  9:26  Infestation Pit  
  129  9:27  Hydralisk Den  
  129  9:29  Evolution Chamber  
  126  9:32  Extractor  
  125  9:52  Drone x2  
  127  10:00  Baneling x14  
  127  10:06  Muscular Augments  
  127  10:11  Extractor, Drone x3  
  127  10:13  Drone  
  130  10:21  Hydralisk x6  
  130  10:23  Overlord x3  
  130  10:24  Overlord  
  142  10:31  Hive  
  142  10:32  Lurker Den  
  142  10:34  Zerg Missile Weapons Level 1  
  141  10:37  Zerg Melee Weapons Level 1  
  141  10:41  Hydralisk x10  
  141  10:42  Hydralisk  
  163  10:46  Hydralisk  
  165  10:52  Zergling x18  
  165  10:54  Overlord  
  165  10:55  Overlord x6  
  174  11:17  Grooved Spines  
  174  11:25  Baneling x12  
  167  11:44  Hydralisk  
  167  11:45  Hydralisk x12  
  183  11:52  Lurker  
  184  11:56  Lurker  
  185  12:15  Seismic Spines  
  185  12:20  Hatchery, Drone x3  
  185  12:21  Drone x12  
  199  12:37  Spire  
  198  13:12  Adaptive Talons  
  198  13:14  Nydus Canal  
  123  14:43  Hydralisk x19  
  123  14:44  Hydralisk x18  
Tags
 
Add a new tag
Caveats
  • Supply blocks, unpowered buildings, or Contaminate may cause inaccurate times.
  • Supply counts are checked every 10 seconds.